 Dungeon Crawl Stone Soup version 0.27.1 (webtiles) character file.

Game seed: 12172705245471860691

32271 funkygono the Destroyer (level 13, -1/68 HPs)
             Began as a Gargoyle Fire Elementalist on Aug 27, 2021.
             Was an Elder of Vehumet.
             Slain by a spectral black mamba (6 damage)
             ... in a Gauntlet.
             The game lasted 00:45:34 (16472 turns).

funkygono the Destroyer (GrFE)                     Turns: 16472, Time: 00:45:35

Health: -1/68      AC: 27    Str: 11    XL:     13   Next: 63%
Magic:  28/28      EV:  9    Int: 28    God:    Vehumet [****..]
Gold:   1848       SH:  0    Dex: 10    Spells: 6/35 levels left

rFire    + . .     SeeInvis .   p - +1 mace (flame)
rCold    . . .     Faith    .   (no shield)
rNeg     + . .     Spirit   .   x - +2 scale mail {rF+}
rPois    ∞         Reflect  .   F - +1 hat of Nurojem {Rampage rPois Stlth+}
rElec    +         Harm     .   s - +0 cloak
rCorr    .         Rampage  +   r - +1 pair of gloves
Will     .....     NoTele   +   i - +2 pair of boots
Stlth    +.........             w - amulet of magic regeneration
HPRegen  0.21/turn              K - ring of wizardry
MPRegen  0.46/turn              M - +6 ring of intelligence

@: slowed, very slow
A: sickness immunity, AC +9, negative energy resistance 1, electricity
resistance, torment resistance 1, petrification resistance
a: Renounce Religion


You were in a Gauntlet.
You worshipped Vehumet.
Vehumet was greatly pleased with you.
You visited 3 branches of the dungeon, and saw 14 of its levels.
You also visited: Gauntlet.

You collected 1898 gold pieces.
You spent 50 gold pieces at shops.

Inventory:

Hand Weapons
 p - a +1 mace of flaming (weapon)
 t - a +2 flail of holy wrath
Armour
 i - a +2 pair of boots (worn)
 n - a +0 buckler
 r - a +1 pair of gloves (worn)
 s - a +0 cloak (worn)
 u - a +0 helmet
 x - a +2 scale mail of fire resistance (worn)
 y - a +2 hat
 D - +0 steam dragon scales
 F - the +1 hat of Nurojem (worn) {Rampage rPois Stlth+}
   (You found it in a Gauntlet)

   rPois:     It protects you from poison.
   Rampage:   It bestows one free step when moving towards enemies.
   Stlth:     It makes you more stealthy.
Magical Staves
 l - a staff of air
Jewellery
 f - a ring of see invisible
 q - a +6 ring of strength
 w - an amulet of magic regeneration (around neck)
 A - a ring of fire
 K - a ring of wizardry (left hand)
 M - a +6 ring of intelligence (right hand)
Wands
 a - a wand of polymorph (7)
 m - a wand of charming (3)
 E - a wand of flame (39)
 H - a wand of mindburst (10)
 O - a wand of iceblast (30)
 S - a wand of digging (3)
 T - a wand of acid (6)
Scrolls
 d - 4 scrolls of teleportation
 h - 2 scrolls of silence
 v - a scroll of fear
 B - 3 scrolls of amnesia
 G - 4 scrolls of identify
 N - 2 scrolls of blinking
Potions
 b - a potion of invisibility
 c - 4 potions of lignification
 e - a potion of resistance
 g - 3 potions of attraction
 j - 2 potions of heal wounds
 k - a potion of might
 o - 5 potions of flight
 z - 8 potions of ambrosia
 C - 3 potions of curing
 J - 2 potions of magic
 L - a potion of brilliance
 Q - 2 potions of haste


   Skills:
 + Level 3.1 Fighting
 + Level 3.6 Maces & Flails
 + Level 7.4 Armour
 + Level 3.4 Dodging
 - Level 2.1 Stealth
 * Level 11.5 Spellcasting
 * Level 11.6 Conjurations
 + Level 0.8 Transmutations
 * Level 11.0 Fire Magic
 * Level 5.0 Air Magic
 * Level 4.7 Poison Magic
 + Level 0.3 Evocations


You had 6 spell levels left.
You knew the following spells:

 Your Spells              Type           Power      Damage    Failure   Level
a - Foxfire               Conj/Fire      100%       2x1d9     1%          1
b - Conjure Flame         Conj/Fire      68%        6-21      1%          3
c - Sticky Flame          Conj/Fire      68%        2d8       1%          4
d - Fireball              Conj/Fire      34%        3d14      1%          5
e - Shock                 Conj/Air       100%       1d9       1%          1
f - Swiftness             Air            44%        N/A       2%          3
g - Airstrike             Air            22%        N/A       2%          4
h - Magic Dart            Conj           100%       1d8       1%          1
i - Olgreb's Toxic Radia  Pois           42%        N/A       2%          4
j - Ignite Poison         Fire/Tmut/Pois 47%        N/A       1%          3

Your spell library contained the following spells:

 Spells                   Type           Power      Damage    Failure   Level
 Freezing Cloud           Conj/Ice/Air   23%        6-21      5%          5
 Poisonous Vapours        Pois/Air       86%        N/A       1%          2
 Inner Flame              Hex/Fire       47%        N/A       1%          3
 Sting                    Tmut/Pois      100%       1d8       2%          1


Dungeon Overview and Level Annotations

Branches:
Dungeon (8/15)             Temple (1/1) D:7            Lair (5/6) D:8
  Swamp (0/4) Lair:4        Snake (0/4) Lair:2        Slime (0/5) Lair:5
Gauntlet (1/1)

Altars:
Ashenzari
Cheibriados
Dithmenos
Elyvilon
Gozag
Hepliaklqana
Kikubaaqudgha
Makhleb
Nemelex Xobeh
Okawaru
Qazlal
Ru
Trog
Uskayaw
Vehumet
Wu Jian
Yredelemnul
Zin
The Shining One
Jiyva

Shops:
D:3 !

Annotations:
Gauntlet 9 transporters, exclusion: oklob plant


Innate Abilities, Weirdness & Mutations

You are immune to sickness and miasma.
Your stone body is resilient. (AC +9)
You are immune to poison.
You resist negative energy. (rN+)
You are resistant to electric shocks. (rElec)
You are resistant to unholy torment.
You are immune to petrification.


Message History

F - the +1 hat of Nurojem {Rampage rPois Stlth+} You start removing your armour.
You continue taking off your +2 hat. x4
You finish taking off your +2 hat.
You start putting on your armour.
You continue putting on the +1 hat of Nurojem {Rampage rPois Stlth+}. x5
You finish putting on the +1 hat of Nurojem {Rampage rPois Stlth+}.
You feel ready to rampage towards enemies.
Unknown command.
j - 2 potions of heal wounds (gained 1)
You now have 1848 gold pieces (gained 6).
You start resting.
HP restored.
There is a transporter landing site here.
Things that are here:
a +0 dagger; a +0 robe
Things that are here:
a +2 dagger of venom; a +0 robe; a human corpse
There is a transporter here.
You enter the transporter and appear at another place.
There is a transporter here.
You enter the transporter and appear at another place.
The spectral cane toad hits you but does no damage.
The death scarab bites you. The death scarab drains your vigour!
You feel yourself slow down. The spectral cane toad hits you!
The death scarab bites you.
The death scarab bites you but does no damage.
The death scarab bites you! The death scarab bites you.
The spectral black mamba closely misses you.
The spectral cane toad hits you!
You barely miss the death scarab.
The death scarab bites you but does no damage. x2
The death scarab bites you!!
* * * LOW HITPOINT WARNING * * *
The death scarab drains your vigour!
You feel as though you will be slow longer.
The spectral black mamba bites you but does no damage. x2
The spectral cane toad hits you but does no damage.
The death scarab bites you but does no damage.
The spectral black mamba bites you.
You die...

.........≈.............≈#.©.##
########...###########..#...#
......##...#...#.#...#..#...##
######©#...#..#...#..#..#.8...
#....#######.##...##[#..#...##
.####.##...##..#.##.!#..#.8.#
#.©.##.#©.©#...^Z^#.©#..#...#
####.#.#...##..#Z##./#..#≈8≈#
.).)##.#####.##Z@.##[#..#####
#####..#...#..#^BB#..#..###
.......#.8.#...#.#^..#..#8#
########...###########..###
........................#
.......................§#
######################### 8#
#8# #8# #8# #8# #8# ## ### ###
### ### ###


You could see a spectral black mamba, a spectral death yak, a spectral cane toad
and 2 death scarabs.

Vanquished Creatures
  Harold (D:7)
  5 hydras
  2 wizards (Gauntlet)
  An ugly thing (D:8)
  A black mamba (Lair:2)
  A torpor snail (Lair:4)
  5 cane toads
  8 elephants (Lair:4)
  Maggie (D:7)
  12 rime drakes
  An efreet (D:7)
  A tengu conjurer (D:8)
  4 komodo dragons
  A queen bee (Lair:2)
  A slime creature (D:8)
  A polar bear (Lair:3)
  Grinder (D:3)
  4 blink frogs (Lair:4)
  3 dream sheep (Lair:4)
  40 yaks
  11 wyverns
  A wraith (D:8)
  6 basilisks
  A steam dragon (D:7)
  Menkaure (D:5)
  2 wargs (D:8)
  Edmund (D:5)
  A swamp worm (Lair:4)
  A hell hound (Lair:5)
  12 water moccasins
  2 orc warriors (D:8)
  6 ogres
  4 sky beasts
  2 necrophages
  9 wolves
  A centaur (D:6)
  A phantom (D:7)
  3 kobold brigands
  10 bullfrogs
  A scorpion (D:4)
  25 killer bees
  2 howler monkeys
  2 bullfrog zombies (D:6)
  2 centaur zombies
  4 hounds
  4 jellies
  A gnoll shaman (D:8)
  3 orc priests
  A centaur skeleton (D:6)
  3 iguanas
  Natasha (thrice) (D:2)
  2 orc wizards
  4 hell rats (Lair:5)
  2 killer bee zombies
  A hound skeleton (D:4)
  A howler monkey zombie (D:8)
  9 gnolls
  9 adders
  A howler monkey skeleton (D:7)
  2 shadow imps (Gauntlet)
  2 white imps (Gauntlet)
  An ufetubus (D:4)
  2 worms
  An adder skeleton (D:4)
  6 dart slugs
  17 orcs
  8 ball pythons
  3 endoplasms
  3 giant cockroaches
  4 goblins
  5 hobgoblins
  7 jackals
  13 kobolds
  7 quokkas
  A bat (D:1)
  2 frilled lizards
  A quokka skeleton (D:4)
  6 rats
  A butterfly (D:7)
341 creatures vanquished.

Vanquished Creatures (collateral kills)
  21 foxfires
21 creatures vanquished.

Vanquished Creatures (others)
  1367 foxfires
  38 fungi
  44 plants
1449 creatures vanquished.

Grand Total: 1811 creatures vanquished

Notes
Turn   | Place    | Note
-------+----------+-------------------------------------------
     0 | D:1      | funkygono the Gargoyle Fire Elementalist began the quest
                  | for the Orb.
     0 | D:1      | Reached XP level 1. HP: 10/10 MP: 3/3
   242 | D:1      | Reached XP level 2. HP: 12/15 MP: 0/5
   619 | D:1      | Reached XP level 3. HP: 11/19 MP: 0/6
   623 | D:1      | Learned a level 3 spell: Conjure Flame
  1415 | D:2      | Noticed Natasha
  1432 | D:2      | Killed Natasha
  1433 | D:2      | Reached XP level 4. HP: 5/24 MP: 0/8
  1527 | D:2      | Noticed Natasha
  1533 | D:2      | Killed Natasha
  1537 | D:2      | Noticed Natasha
  1667 | D:2      | Killed Natasha
  1668 | D:2      | Reached XP level 5. HP: 23/28 MP: 4/9
  1677 | D:2      | Learned a level 4 spell: Sticky Flame
  2394 | D:3      | Found Esieleub's Distillery.
  2431 | D:3      | Bought a potion of heal wounds for 50 gold pieces
  2504 | D:3      | Noticed Grinder
  2517 | D:3      | Killed Grinder
  2518 | D:3      | Reached skill level 1 in Fighting
  2518 | D:3      | Reached XP level 6. HP: 22/34 MP: 0/11
  2829 | D:3      | Reached skill level 1 in Maces & Flails
  2936 | D:3      | Found a bloodstained altar of Trog.
  2982 | D:3      | Noticed a sky beast
  2994 | D:3      | Killed a sky beast
  2995 | D:3      | Reached skill level 5 in Fire Magic
  2995 | D:3      | Reached XP level 7. HP: 33/38 MP: 6/13
  3001 | D:3      | Learned a level 5 spell: Fireball
  3094 | D:3      | Found an ancient bone altar of Kikubaaqudgha.
  3106 | D:3      | Found a sacrificial altar of Ru.
  3135 | D:3      | Found a glowing silver altar of Zin.
  3515 | D:4      | Found a hide-covered altar of Uskayaw.
  4066 | D:4      | Reached XP level 8. HP: 43/43 MP: 3/15
  4352 | D:4      | Reached skill level 5 in Spellcasting
  4355 | D:4      | Reached skill level 5 in Conjurations
  4612 | D:4      | Identified the +1 robe "Ifeocud" {-Cast Dex+8 Slay+3
                  | Stlth+}
  5011 | D:4      | Identified a scroll of acquirement
  5011 | D:4      | Acquired 1170 gold pieces
  5084 | D:5      | Entered Level 5 of the Dungeon
  5128 | D:5      | Noticed Edmund
  5167 | D:5      | Killed Edmund
  5682 | D:5      | Noticed Menkaure
  5686 | D:5      | Killed Menkaure
  6068 | D:6      | Reached XP level 9. HP: 47/47 MP: 14/18
  6231 | D:6      | Found a basalt altar of Yredelemnul.
  6458 | D:6      | Found a white marble altar of Elyvilon.
  6665 | D:6      | Found an iron altar of Okawaru.
  6950 | D:7      | Noticed Maggie
  6962 | D:7      | Killed Maggie
  7178 | D:7      | Noticed Harold
  7199 | D:7      | Killed Harold
  7200 | D:7      | Reached XP level 10. HP: 36/53 MP: 5/22
  7322 | D:7      | Found a staircase to the Ecumenical Temple.
  7329 | Temple   | Entered the Ecumenical Temple
  7336 | Temple   | Became a worshipper of Vehumet
  7546 | D:7      | Found a burning altar of Makhleb.
  7975 | D:7      | Learned a level 1 spell: Shock
  7979 | D:7      | Learned a level 3 spell: Swiftness
  7984 | D:7      | Learned a level 4 spell: Airstrike
  8184 | D:8      | Reached skill level 1 in Air Magic
  8280 | D:8      | Found a staircase to the Lair.
  8720 | D:8      | Reached * piety under Vehumet
  8720 | D:8      | Offered knowledge of Magic Dart by Vehumet.
  8723 | D:8      | Learned a level 1 spell: Magic Dart
  8813 | D:8      | Noticed a green ugly thing
  8813 | D:8      | Noticed a six-headed hydra
  8835 | D:8      | Killed a green ugly thing
  8836 | D:8      | Reached skill level 1 in Armour
  8849 | D:8      | Killed a six-headed hydra
  9192 | D:8      | Reached XP level 11. HP: 33/57 MP: 16/24
  9221 | D:8      | Identified the +5 chain mail of Unambiguity {Str-2 Dex+2
                  | Stlth+}
  9370 | Lair:1   | Entered Level 1 of the Lair of Beasts
  9581 | Lair:1   | Noticed a four-headed hydra
  9594 | Lair:1   | Killed a four-headed hydra
 10569 | Lair:2   | Offered knowledge of Searing Ray by Vehumet.
 10573 | Lair:2   | Reached ** piety under Vehumet
 11100 | Lair:2   | Reached skill level 10 in Conjurations
 11234 | Lair:2   | HP: 2/58 [killer bee (4)]
 11259 | Lair:2   | Noticed an eight-headed hydra
 11284 | Lair:2   | Killed an eight-headed hydra
 11285 | Lair:2   | Reached skill level 5 in Armour
 11285 | Lair:2   | Reached skill level 10 in Spellcasting
 11507 | Lair:2   | Reached XP level 12. HP: 36/64 MP: 21/26
 11519 | Lair:2   | Offered knowledge of Ignite Poison by Vehumet.
 11535 | Lair:2   | Reached skill level 10 in Fire Magic
 11685 | Lair:2   | Learned a level 3 spell: Ignite Poison
 11893 | Lair:2   | Reached *** piety under Vehumet
 12103 | Lair:2   | Found a staircase to the Snake Pit.
 12196 | Lair:2   | Learned a level 4 spell: Olgreb's Toxic Radiance
 12964 | Lair:3   | Offered knowledge of Fulminant Prism by Vehumet.
 13773 | Lair:4   | Reached skill level 1 in Poison Magic
 14090 | Lair:4   | Noticed an eight-headed hydra
 14098 | Lair:4   | Killed an eight-headed hydra
 14412 | Lair:4   | Found a staircase to the Swamp.
 14414 | Lair:4   | Reached **** piety under Vehumet
 14416 | Lair:4   | Reached XP level 13. HP: 59/68 MP: 22/28
 14527 | Lair:4   | Offered knowledge of Freezing Cloud by Vehumet.
 15433 | Lair:5   | Found a viscous altar of Jiyva.
 15435 | Lair:5   | Found a staircase to the Slime Pits.
 15627 | Lair:5   | Reached skill level 5 in Air Magic
 15826 | Lair:5   | Found a gate leading to a gauntlet.
 15835 | Gauntlet | Entered a Gauntlet
 15835 | Gauntlet | Found a transporter.
 15835 | Gauntlet | Found a transporter.
 15835 | Gauntlet | Found a transporter.
 15938 | Gauntlet | Found a transporter.
 15939 | Gauntlet | Found a transporter.
 15994 | Gauntlet | Found a transporter.
 15998 | Gauntlet | Found the +4 skin of Zhor {*Englaciate rC+++ SInv}
 16010 | Gauntlet | Found a transporter.
 16016 | Gauntlet | Found a transporter.
 16060 | Gauntlet | Found a transporter.
 16066 | Gauntlet | Found a transporter.
 16122 | Gauntlet | Found a transporter.
 16158 | Gauntlet | Found a transporter.
 16316 | Gauntlet | Identified the +1 hat of Nurojem {Rampage rPois Stlth+}
 16472 | Gauntlet | Slain by a spectral black mamba

Illustrated notes

Levels and vault maps discovered:
D:1:      dpeg_arrival_arbitrary_c, layout_loops_ring
D:2:      layout_basic, uniq_natasha
D:3:      layout_loops_ring, nicolae_overflow_quartered_altars, serial_shops,
          shop, minmay_statues_item, uniq_grinder
D:4:      minmay_octagon_keep, layout_basic, nicolae_uskayaw_dance_hall
D:5:      layout_loops_cross, uniq_edmund, uniq_menkaure
D:6:      layout_cave_pools, lemuel_zombie_altar_yredelemnul,
          mainiacjoe_overflow_catch_the_wave, minmay_misc_feat_alley,
          minmay_fractal_squares_5
D:7:      layout_basic, makhleb_heckhound_becter,
          minmay_temple_entry_butterflies, uniq_maggie, uniq_harold
D:8:      minmay_chambers_of_sevens, layout_cave_pools,
          erik_lair_orcish_takeover
Temple:   eino_wide_crystal_templ
Lair:1:   layout_cave_shapes, minivault_11
Lair:2:   layout_cellular_growth, dummy_snake_entry, special_room
          [special_room_bee], grunt_forest_small_clearing_treed,
          grunt_megastairs_5, lemuel_fruit_fields, lemuel_fruit_fields
Lair:3:   layout_regular_city
Lair:4:   layout_cave_pods, minmay_swamp_entry_worms
Lair:5:   layout_roguey [special_room_mythical_zoo], slime_altar_1,
          gauntlet_entry_generic, eino_small_chamber_without_monster
Gauntlet: gammafunk_gauntlet_shortcut [gammafunk_gauntlet_arena_spirals,
          gammafunk_gauntlet_arena_chambers,
          gammafunk_gauntlet_arena_split_diamond,
          gammafunk_gauntlet_arena_crates, gammafunk_gauntlet_arena_split_x,
          nicolae_gauntlet_arena_x, gauntlet_exit_hidden_loot]

Skill      XL: |  1  2  3  4  5  6  7  8  9 10 11 12 13 |
---------------+----------------------------------------+-----
Fire Magic     | 4 5 6 8 9 10 11 | 11.0
Conjurations   | 2 3 4 6 7 9 10 11 | 11.6
Spellcasting   | 3 4 6 8 9 10 11 | 11.5
Fighting       | 1 2 3 |  3.1
Dodging        | 2 3 |  3.4
Maces & Flails | 1 2 3 |  3.6
Air Magic      | 2 3 4 5 |  5.0
Armour         | 2 5 7 |  7.4
Poison Magic   | 2 4 |  4.7
Stealth        | |  2.1
Transmutations | |  0.8
Evocations     | |  0.3

Action                   |  1- 3 |  4- 6 |  7- 9 | 10-12 | 13-15 || total
-------------------------+-------+-------+-------+-------+-------++-------
Melee: Unarmed           |     3 |       |       |       |       ||     3
       Club              |    12 |       |       |       |       ||    12
       Mace              |       |    11 |    61 |   163 |    67 ||   302
 Cast: Foxfire           |    60 |    61 |   222 |   354 |    96 ||   793
       Sticky Flame      |       |       |    10 |    76 |    14 ||   100
       Shock             |       |       |       |    10 |       ||    10
       Conjure Flame     |       |       |       |     3 |       ||     3
       Swiftness         |       |       |       |     2 |       ||     2
       Fireball          |       |       |       |     6 |       ||     6
       Ignite Poison     |       |       |       |    13 |    17 ||    30
       Olgreb's Toxic Ra |       |       |       |     9 |    15 ||    24
       Magic Dart        |       |       |       |     1 |       ||     1
       Airstrike         |       |       |       |       |     2 ||     2
Evoke: Wand              |       |       |       |     4 |       ||     4
  Use: Scroll            |       |     7 |    12 |    10 |       ||    29
       Potion            |       |       |       |     4 |       ||     4
 Stab: Sleeping          |       |     1 |     1 |       |       ||     2
Armor: Robe              |    14 |     3 |    31 |       |       ||    48
       Skin              |       |       |     9 |       |       ||     9
       Steam dragon scal |       |       |     2 |    13 |       ||    15
       Scale mail        |       |       |       |   328 |    88 ||   416
Dodge: Dodged            |    39 |    10 |    56 |   264 |    44 ||   413
